 Dungeon Crawl Stone Soup version 0.28-a0-439-g4cf4cd4993 (webtiles) character file.

Game seed: 6986767138275167048

5 Gargoyl the Skirmisher (level 1, -5/23 HPs)
             Began as a Gnoll Abyssal Knight on Sept 11, 2021.
             Was a Follower of Lugonu.
             Killed from afar by a raiju (11 damage)
             ... with a living lightning
             ... on level 1 of the Abyss.
             The game lasted 00:00:43 (404 turns).

Gargoyl the Skirmisher (Gnoll Abyssal Knight)        Turns: 404, Time: 00:00:43

Health: -5/23      AC:  6    Str: 11    XL:     1   Next: 80%
Magic:  3/3        EV: 10    Int: 11    God:    Lugonu [*.....]
Gold:   0          SH:  0    Dex: 11    Spells: 0/0 levels left

rFire   . . .      SeeInvis .   a - +1 hand axe
rCold   . . .      Faith    .   (no shield)
rNeg    . . .      Spirit   .   c - +0 ring mail
rPois   .          Reflect  .   (no helmet)
rElec   .          Harm     .   (no cloak)
rCorr   .          Rampage  .   (no gloves)
Will    .....                   (no boots)
Stlth   +.........              (no amulet)
HPRegen 0.07/turn               (no ring)
MPRegen 0.08/turn               (no ring)

@: no status effects
A: fangs 1, strong nose, distributed training
a: Renounce Religion, Depart the Abyss


You were on level 1 of the Abyss.
You worshipped Lugonu.
Lugonu was aware of your devotion.
You visited 0 branches of the dungeon, and saw 0 of its levels.
You visited the Abyss 1 time.

Inventory:

Hand Weapons
 a - a +1 hand axe (weapon)
Armour
 b - a +0 leather armour
 c - a +0 ring mail (worn)


   Skills:
 + Level 6.4 Fighting
 + Level 0.1 Short Blades
 + Level 0.1 Long Blades
 + Level 4.4 Axes
 + Level 0.1 Maces & Flails
 + Level 0.1 Polearms
 + Level 0.1 Staves
 + Level 0.1 Slings
 + Level 0.1 Bows
 + Level 0.1 Crossbows
 + Level 0.1 Throwing
 + Level 4.4 Armour
 + Level 2.4 Dodging
 + Level 0.1 Stealth
 + Level 0.1 Shields
 + Level 0.1 Unarmed Combat
 + Level 0.1 Spellcasting
 + Level 0.1 Conjurations
 + Level 0.1 Hexes
 + Level 0.1 Summonings
 + Level 0.1 Necromancy
 + Level 0.1 Translocations
 + Level 0.1 Transmutations
 + Level 0.1 Fire Magic
 + Level 0.1 Ice Magic
 + Level 0.1 Air Magic
 + Level 0.1 Earth Magic
 + Level 0.1 Poison Magic
 + Level 4.4 Invocations
 + Level 0.1 Evocations


You couldn't memorise any spells.
You didn't know any spells.
Your spell library was empty.

Dungeon Overview and Level Annotations

Branches:
Dungeon (0/15)

Altars:


Innate Abilities, Weirdness & Mutations

You have very sharp teeth.
Your uncanny sense of smell can sniff out nearby items.
Your experience applies equally to all skills.


Message History

You don't have any unidentified items.
A small abomination comes into view.
d - a metallic coppery potion
There are no items here.
It was a potion of magic.
Magic courses through your body.
An ufetubus comes into view.
The ufetubus shouts!
The ufetubus hits you but does no damage.
The ufetubus barely misses you.
You miss the ufetubus. You bite the ufetubus.
The ufetubus is lightly wounded.
The ufetubus barely misses you.
The ufetubus hits you but does no damage. x2
The ufetubus hits you.
You hit the ufetubus.
The ufetubus is almost dead.
The ufetubus closely misses you. The ufetubus misses you.
Unknown command.
You barely miss the ufetubus.
The ufetubus is almost dead.
The ufetubus barely misses you. x3
The ufetubus hits you but does no damage.
Unknown command.
You slash the ufetubus!
You kill the ufetubus!
You hit the small abomination.
The small abomination barely misses you.
Unknown command.
The raiju barks!
You hit the raiju but do no damage. The raiju bites you. The raiju shocks you!
Unknown command.
The raiju bursts into living lightning!
The living lightning hits you.
* * * LOW HITPOINT WARNING * * *
The raiju blinks! x2
Unknown command.
The small abomination barely misses you.
The raiju bursts into living lightning!
The living lightning hits you!
You die...

# ## .# ..## ..
.#.#.##.# ..#.#
#
..##.#.##..###.
..#.........##..
# #.##..#.###..
.##...##..#
#.#.#...#.# ##.#
##.# #.###x@# #.
#..h# ##.#.#§..#
# ##t##.#..# #.
.. ## .. #.# .#.
## ..§. #. ##


You could see an apocalypse crab, a raiju and a small abomination.

Vanquished Creatures
  An ufetubus (Abyss:1)
1 creature vanquished.

Notes
Turn   | Place    | Note
-------+----------+-------------------------------------------
     0 | Abyss:1  | Gargoyl the Gnoll Abyssal Knight began the quest for the
                  | Orb.
     0 | Abyss:1  | Reached XP level 1. HP: 23/23 MP: 3/3
   238 | Abyss:1  | Found a corrupted altar of Lugonu.
   238 | Abyss:1  | Noticed a small abomination
   351 | Abyss:1  | Noticed a small abomination
   401 | Abyss:1  | Noticed an apocalypse crab
   401 | Abyss:1  | Noticed a raiju
   404 | Abyss:1  | Killed from afar by a raiju

Illustrated notes

Levels and vault maps discovered:
Abyss:1:  base: Temple, base:
Temple

Action                   || total
-------------------------++-------
Melee: Hand axe          ||     5
       Bite              ||     1
  Use: Scroll            ||     2
       Potion            ||     1
Armor: Ring mail         ||     4
Dodge: Dodged            ||     9

Table legend: (Time is in decaauts)
 A = Elapsed time spent in this place.
 B = Non-inter-level travel time spent in this place.
 C = Inter-level travel time spent in this place.
 D = Time resting spent in this place.
 E = Time spent auto-exploring this place.
 F = Levels seen in this place.
 G = Mean time per level.
                   A        B        C        D        E       F      G
               +--------+--------+--------+--------+--------+-----+--------+
         Total |    404 |    404 |      0 |    100 |    210 |   1 |  404.0 |
         Abyss |    404 |    404 |      0 |    100 |    210 |   1 |  404.0 |
               +--------+--------+--------+--------+--------+-----+--------+

Top non-repeatable levels by time:
 Abyss:1: 404 daAuts
